 Dungeon Crawl Stone Soup version 0.18.1-6-gd335043 (webtiles) character file.

31885 namelastname112 the Summoner (level 13, -4/111 HPs)
             Began as a White Draconian Summoner on May 19, 2016.
             Was an Elder of Ashenzari.
             Slain by a death yak (25 damage)
             ... on level 6 of the Lair of Beasts.
             The game lasted 00:44:15 (22540 turns).

namelastname112 the Summoner (DrSu)                Turns: 22540, Time: 00:44:15

Health: -4/111     AC: 15    Str: 11    XL:     13   Next: 28%
Magic:  0/34       EV: 16    Int: 20    God:    Ashenzari [****..]
Gold:   979        SH:  6    Dex: 12    Spells: 8 memorised, 5 levels left

rFire  + . .     SeeInvis +     a - +3 trident (protect)
rCold  + . .     Gourm    .     (armour unavailable)
rNeg   . . .     Faith    .     p - +1 buckler (curse)
rPois  .         Spirit   .     (helmet restricted)
rElec  .         Dismiss  .     r - +0 cloak
rCorr  .         Reflect  .     (no gloves)
SustAt .         Harm     .     D - +0 pair of boots
MR     .....     Clarity  +     (no amulet)
Stlth  ++........               K - ring of magical power (curse)
                                h - ring of protection from fire

@: repel missiles, not resistant to hostile enchantments, unstealthy
A: breathe frost, unfitting armour, cold resistance 1, cold-blooded, AC +8
a: Breathe Frost, Curse Item, Scrying, Renounce Religion


You were on level 6 of the Lair of Beasts.
You worshipped Ashenzari.
Ashenzari was greatly pleased with you.
You were very hungry.

You visited 2 branches of the dungeon, and saw 19 of its levels.

You collected 1076 gold pieces.
You spent 97 gold pieces at shops.

Inventory:

Hand Weapons
 a - a +3 trident of protection (weapon)
 g - a +2 dagger of venom
Missiles
 x - 6 throwing nets (quivered)
Armour
 p - a cursed +1 buckler (worn)
 r - a +0 cloak (worn)
 D - a +0 pair of boots (worn)
 N - a +1 buckler of protection
Magical Staves
 b - an uncursed staff of energy
Jewellery
 h - a ring of protection from fire (left hand)
 k - an uncursed ring of protection from magic
 K - a cursed ring of magical power (right hand)
 O - an uncursed ring of protection from cold
 R - an uncursed amulet of guardian spirit
 X - an uncursed ring of protection from cold
Wands
 A - a wand of lightning (3/15)
 E - a wand of acid (7/15)
 I - a wand of iceblast (11/15)
 L - a wand of hasting (9/9)
 W - a wand of confusion (18/48)
 Z - a wand of disintegration (7/24)
Scrolls
 c - 3 scrolls of enchant weapon
 d - 11 scrolls of remove curse
 t - a scroll of magic mapping
 v - 4 scrolls of blinking
 y - 4 scrolls of teleportation
 z - 3 scrolls of amnesia
 C - 4 scrolls of enchant armour
 H - a scroll of fear
 T - a scroll of fog
Potions
 e - a potion of brilliance
 i - 4 potions of flight
 n - a potion of berserk rage
 q - a potion of agility
 s - 2 potions of lignification
 u - 2 potions of heal wounds
 w - a potion of ambrosia
 B - 2 potions of resistance
 G - 8 potions of curing
 P - a potion of cancellation
 Q - a potion of haste
Books
 F - a book of Dreams

   Spells                             Type                      Level
   a - Ensorcelled Hibernation        Hexes/Ice                    2
   b - Silence                        Hexes/Air                    5
   c - Darkness                       Hexes                        6
   d - Shadow Creatures               Summoning                    6
 U - a book of Minor Magic

   Spells                             Type                      Level
   a - Magic Dart                     Conjuration                  1
   b - Blink                          Translocation                2
   c - Call Imp                       Summoning                    2
   d - Repel Missiles                 Charms/Air                   2
   e - Slow                           Hexes                        2
   f - Conjure Flame                  Conjuration/Fire             3
   g - Mephitic Cloud                 Conjuration/Poison/Air       3
 V - a book of the Sky

   Spells                             Type                      Level
   a - Summon Lightning Spire         Summoning/Air                4
   b - Airstrike                      Air                          4
   c - Silence                        Hexes/Air                    5
   d - Deflect Missiles               Charms/Air                   6
   e - Conjure Ball Lightning         Conjuration/Air              6
   f - Tornado                        Air                          9
 Y - a book of Death

   Spells                             Type                      Level
   a - Corpse Rot                     Necromancy                   2
   b - Sublimation of Blood           Necromancy                   2
   c - Agony                          Necromancy                   5
   d - Dispel Undead                  Necromancy                   5
   e - Excruciating Wounds            Charms/Necromancy            5
   f - Bolt of Draining               Conjuration/Necromancy       5
Miscellaneous
 S - a crystal ball of energy
Comestibles
 f - a chunk of flesh
 j - 12 fruits
 l - 13 beef jerkies
 m - 5 slices of pizza
 o - 6 meat rations
 J - 12 bread rations


   Skills:
 + Level 9.6 Fighting
 + Level 6.9 Polearms
 + Level 8.2 Dodging
 - Level 1.7 Stealth
 - Level 4.1(6.3) Shields
 + Level 8.7 Spellcasting
 + Level 3.1 Charms
 * Level 12.5 Summonings
 - Level 5.0 Translocations
 - Level 2.2 Ice Magic
 - Level 3.6 Air Magic
 + Level 4.6 Evocations


You had 5 spell levels left.
You knew the following spells:

 Your Spells              Type           Power        Failure   Level  Hunger
a - Call Imp              Summ           ######..     1%          2    None
b - Summon Ice Beast      Ice/Summ       #####...     4%          4    ###....
c - Call Canine Familiar  Summ           ######..     1%          3    None
d - Shadow Creatures      Summ           N/A          10%         6    ######.
e - Apportation           Tloc           ####......   1%          1    None
f - Repel Missiles        Chrm/Air       ###...       2%          2    None
s - Summon Lightning Spi  Summ/Air       #####...     3%          4    ###....
x - Blink                 Tloc           N/A          1%          2    None


Dungeon Overview and Level Annotations

Branches:
Dungeon (13/15)            Temple (0/1) D:6            Lair (6/8) D:11
  Swamp (0/4) Lair:3       Spider (0/4) Lair:4        Slime (0/6) Lair:6
    Orc (0/2) D:11
 Vaults: D:13-14

Altars:
Ashenzari
Cheibriados
Dithmenos
Elyvilon
Kikubaaqudgha
Okawaru
Pakellas
Sif Muna
Vehumet
Xom
Zin
Jiyva

Shops:
D:4 ?   D:5 ?   D:6 *}

Portals:
Trove: D:13 (give 19 potions of curing)

Annotations:
D:13 exclusion: dancing weapon


Innate Abilities, Weirdness & Mutations

You can breathe waves of freezing cold.
You can buffet flying creatures when you breathe cold.
Your icy white scales are hard (AC +8).
Your body does not fit into most forms of armour.
Your flesh is cold resistant.
You are cold-blooded and may be slowed by cold attacks.


Message History

The death yak gores your death yak!!
Your death yak barely misses the death yak.
Your crocodile bites the death yak!
Your death yak gores the death yak!
Your death yak gores the death yak.
You take 16 damage, and have 20/111 hp.
You are too injured to fight recklessly!
The death yak gores your death yak but does no damage.
The death yak gores your death yak.
Your death yak gores the death yak.
Your death yak gores the death yak!!
Your death yak gores the death yak but does no damage.
The death yak gores your death yak but does no damage. x2
Your death yak gores the death yak!! x2
The death yak dies!
Your death yak gores the death yak!
Casting: Shadow Creatures
Confirm with . or Enter, or press ? or * to list all spells.
You blink.
Your death yak dissolves into shadows!
The death yak gores your death yak! The death yak gores you!!
You die...

#..........PP######...#
.P.##.#.P..PP..#.##....#
....#####...#.#....#...#
....* ##.............##
...## #.............##
....## #......!.......##
.....###...............#
#.....#.#..............#
...#P.###....Y..@Y....##
#..PP.P##...Y.Y..Y§...##
.....P.P....Yt.......#.#
......P........#..#...##
...#.####..#..#.##.....#
.....# #.##..#.####..###
....Y###.###.#.###...##
$....).#Y......P..#...#
....YY{YY............##


You could see 3 death yaks, 3 friendly death yaks and a friendly crocodile.

Vanquished Creatures
  A centaur warrior (D:12)
  A tengu warrior (D:13)
  The ghost of epen the Unweaver, a novice DsAK of Lugonu (D:8)
  2 skeletal warriors (D:12)
  2 hill giants
  An ugly thing (D:11)
  A deep elf mage (D:12)
  A manticore (D:11)
  3 elephants
  A black mamba (Lair:3)
  A spiny frog (Lair:6)
  A gargoyle (D:13)
  A kobold demonologist (D:11)
  3 komodo dragons
  A rime drake (Lair:6)
  Grinder (D:5)
  2 blink frogs (Lair:3)
  2 shadows
  2 wyverns
  12 yaks
  2 hippogriffs
  A hungry ghost (D:12)
  A basilisk (Lair:3)
  A vampire mosquito (D:12)
  4 water moccasins
  3 porcupines
  A sky beast (D:9)
  A phantom (D:9)
  An ice beast (D:7)
  2 wolves (Lair:1)
  5 ogres
  A centaur (D:8)
  6 crocodiles
  3 big kobolds
  8 giant frogs
  A gnoll sergeant (D:11)
  3 scorpions
  6 killer bees
  6 wights
  2 howler monkeys (D:11)
  2 crimson imps
  3 jellies
  A quasit (D:12)
  6 hounds
  2 orc wizards
  3 giant frog skeletons
  2 centaur zombies (D:10)
  3 orc priests
  5 iguanas
  11 worker ants
  A killer bee zombie (D:5)
  15 sheep
  Robin (D:4)
  A worker ant zombie (D:8)
  6 adders
  A gnoll (D:11)
  A howler monkey skeleton (D:6)
  22 river rats
  3 shadow imps
  An ooze (D:2)
  An adder zombie (D:7)
  An adder skeleton (D:5)
  2 worms (D:3)
  2 dart slugs
  3 giant geckos
  26 orcs
  4 bats
  5 giant cockroaches
  27 goblins
  9 hobgoblins
  12 jackals
  5 quokkas
  A ball python (D:5)
  A giant gecko skeleton (D:6)
  A giant gecko zombie (D:5)
  7 giant newts
  12 kobolds
  2 quokka skeletons
  8 rats
317 creatures vanquished.

Vanquished Creatures (collateral kills)
  Josephine (Lair:6)
  5 hydras
  A catoblepas (Lair:4)
  A tengu warrior (D:13)
  5 death yaks
  Nergalle (Lair:4)
  3 skeletal warriors (D:12)
  2 hill giants
  2 ugly things (D:12)
  10 elephants
  An eye of devastation (shapeshifter) (D:12)
  3 black mambas
  A torpor snail (Lair:4)
  8 spiny frogs
  7 komodo dragons
  A troll (D:9)
  5 blink frogs
  2 wraiths (Lair:6)
  A wyvern (Lair:4)
  14 yaks
  A steam dragon (Lair:5)
  4 hippogriffs
  3 basilisks
  A vampire mosquito (D:12)
  A mottled dragon (D:11)
  6 water moccasins
  5 orc warriors
  9 porcupines
  2 wasps (D:10)
  3 ogres
  2 centaurs
  4 wolves (Lair:1)
  4 crocodiles
  9 giant frogs
  A wyvern skeleton (D:9)
  5 scorpions
  6 killer bees
  3 howler monkeys
  7 wights
  An electric eel (Lair:2)
  A crimson imp (D:8)
  7 orc priests
  11 orc wizards
  8 iguanas
  A worker ant (D:8)
  16 sheep
  3 adders
  3 gnolls (D:11)
  32 river rats
  2 shadow imps
  An adder zombie (D:7)
  An adder skeleton (D:4)
  3 giant geckos
  16 orcs
  9 goblins
  2 hobgoblins (D:1)
  A jackal (D:8)
  A quokka (D:10)
  12 kobolds
  3 rats
  6 fungi
290 creatures vanquished.

Vanquished Creatures (others)
  A jelly (D:2)
  A quokka (D:10)
  10 fungi
  3 plants
15 creatures vanquished.

Grand Total: 622 creatures vanquished

Notes
Turn   | Place    | Note
--------------------------------------------------------------
     0 | D:1      | namelastname112 the Draconian Summoner began the quest for the Orb.
     0 | D:1      | Reached XP level 1. HP: 14/14 MP: 3/3
   108 | D:1      | Reached skill level 1 in Fighting
   169 | D:1      | Reached XP level 2. HP: 23/23 MP: 5/5
   497 | D:1      | Learned a level 2 spell: Call Imp
  1414 | D:1      | Reached XP level 3. HP: 28/28 MP: 6/6
  1419 | D:1      | Learned a level 3 spell: Call Canine Familiar
  1780 | D:2      | Found a shadowy altar of Dithmenos.
  2109 | D:2      | Found an oddly glowing altar of Pakellas.
  2109 | D:2      | Noticed an orange crystal statue
  2344 | D:3      | Reached XP level 4. HP: 13/35 MP: 7/7
  2787 | D:3      | Found a shattered altar of Ashenzari.
  2807 | D:3      | Found a glowing silver altar of Zin.
  2961 | D:3      | Noticed an angel
  2996 | D:3      | Found a shimmering altar of Xom.
  2999 | D:3      | Reached skill level 5 in Summonings
  3088 | D:3      | Became a worshipper of Ashenzari the Shackled
  3104 | D:3      | Reached XP level 5. HP: 33/41 MP: 1/9
  3260 | D:3      | Reached XP level 6. HP: 50/50 MP: 5/10
  4008 | D:4      | Found Hiyn Bedubb's Magic Scroll Shop.
  4009 | D:4      | Noticed Robin
  4046 | D:4      | Killed Robin
  4072 | D:4      | Bought a scroll of blinking for 97 gold pieces
  4200 | D:4      | Found an iron altar of Okawaru.
  4328 | D:4      | Reached skill level 6 in Summonings
  4336 | D:4      | Found a radiant altar of Vehumet.
  4338 | D:4      | Found an ancient bone altar of Kikubaaqudgha.
  4339 | D:4      | Found a deep blue altar of Sif Muna.
  4350 | D:4      | Identified Sif Muna's Guide on Shape Shifting
  4420 | D:5      | Entered Level 5 of the Dungeon
  4441 | D:5      | Your scales start taking on an icy white colour.
  4441 | D:5      | Reached XP level 7. HP: 49/57 MP: 9/12
  4441 | D:5      | Gained mutation: Your flesh is cold resistant. [White Draconian growth]
  4523 | D:5      | Learned a level 4 spell: Summon Lightning Spire
  4580 | D:5      | Noticed Grinder
  4595 | D:5      | Killed Grinder
  4595 | D:5      | Reached skill level 1 in Air Magic
  4761 | D:5      | Found Baylauwa's Magic Scroll Emporium.
  4764 | D:5      | xeno23: чет в последнее время все аш берут
  4764 | D:5      | namelastname112: ну
  4764 | D:5      | namelastname112: я беру, потому что она клевый на суммонерах
  4764 | D:5      | xeno23: чем?
  4764 | D:5      | namelastname112: скилл бустом
  4764 | D:5      | namelastname112: и кларити позже
  5407 | D:6      | Reached XP level 8. HP: 47/66 MP: 9/14
  5412 | D:6      | Reached skill level 7 in Summonings
  5588 | D:6      | Found Dyshruce's Elemental Accessories.
  5706 | D:6      | Found a staircase to the Ecumenical Temple.
  5733 | D:6      | Found Kaammir's Gadget Emporium.
  5828 | D:6      | Learned a level 4 spell: Summon Ice Beast
  6412 | D:7      | Reached skill level 5 in Fighting
  6412 | D:7      | Reached skill level 1 in Shields
  6442 | D:7      | Reached * piety under Ashenzari
  6465 | D:7      | Found a snail-covered altar of Cheibriados.
  6729 | D:7      | Reached skill level 5 in Spellcasting
  6729 | D:7      | Reached skill level 8 in Summonings
  6785 | D:7      | Reached XP level 9. HP: 72/74 MP: 11/16
  6932 | D:8      | Learned a level 2 spell: Blink
  7222 | D:8      | Noticed epen's ghost (novice DsAK)
  7222 | D:8      | xeno23: ну я вот взял ИЕ аш
  7233 | D:8      | xeno23: хочу в личе шар дрочить
  7253 | D:8      | xeno23: посмотрим, лучше ли это веха
  7255 | D:8      | xeno23: но начало с ним это пиздец конечно
  7264 | D:8      | xeno23: еще и скроллов нет
  7264 | D:8      | Killed epen's ghost
  7317 | D:8      | oplop: гляди какая хуйня
  7329 | D:8      | oplop: the +8 arbalest of Fortitude {penet, +Inv MR+}.
  7352 | D:8      | namelastname112: лол
  7352 | D:8      | namelastname112: жаль, что у тебя апта
  7352 | D:8      | namelastname112: -2
  7366 | D:8      | oplop: угу
  7687 | D:8      | oplop: ты вернулся к драконоебству?
  7712 | D:8      | namelastname112: хочу дрсу выиграть
  7761 | D:8      | Reached skill level 1 in Ice Magic
  7973 | D:9      | Noticed a troll
  7980 | D:9      | Killed a troll
  7980 | D:9      | Reached skill level 5 in Dodging
  8250 | D:9      | Reached skill level 1 in Translocations
  8710 | D:9      | Reached ** piety under Ashenzari
  8724 | D:9      | Reached XP level 10. HP: 73/83 MP: 10/18
  8734 | D:9      | Reached skill level 9 in Summonings
  9382 | D:10     | Entered Level 10 of the Dungeon
  9392 | D:10     | Reached skill level 1 in Polearms
  9403 | D:10     | Found a white marble altar of Elyvilon.
  9435 | D:10     | Noticed a hill giant
  9443 | D:10     | Killed a hill giant
  9827 | D:10     | Noticed a hill giant
  9838 | D:10     | Killed a hill giant
 10268 | D:11     | Found a staircase to the Orcish Mines.
 10663 | D:11     | Found a staircase to the Lair.
 10757 | D:11     | Noticed a five-headed hydra
 10768 | D:11     | Killed a five-headed hydra
 10768 | D:11     | Reached skill level 10 in Summonings
 10781 | D:11     | Noticed a manticore
 10805 | D:11     | Killed a manticore
 10871 | D:11     | Reached XP level 11. HP: 67/92 MP: 21/21
 10883 | D:11     | Found a white marble altar of Elyvilon.
 11153 | D:11     | Noticed a purple ugly thing
 11174 | D:11     | Killed a purple ugly thing
 11459 | D:12     | Noticed a centaur warrior
 11480 | D:12     | Killed a centaur warrior
 11995 | D:12     | Noticed a hill giant
 12017 | D:12     | Killed a hill giant
 12086 | D:12     | Noticed a hill giant
 12094 | D:12     | Killed a hill giant
 12231 | D:12     | Noticed a deep elf mage
 12253 | D:12     | Killed a deep elf mage
 12339 | D:12     | Noticed a skeletal warrior
 12339 | D:12     | Noticed a skeletal warrior
 12339 | D:12     | Noticed a skeletal warrior
 12339 | D:12     | Noticed a skeletal warrior
 12339 | D:12     | Noticed a skeletal warrior
 12386 | D:12     | Killed a skeletal warrior
 12399 | D:12     | Killed a skeletal warrior
 12423 | D:12     | Killed a skeletal warrior
 12487 | D:12     | Killed a skeletal warrior
 12799 | D:12     | Killed a skeletal warrior
 13305 | D:13     | Found a portal to a secret trove of treasure.
 13392 | D:13     | Reached *** piety under Ashenzari
 13399 | D:13     | Noticed a tengu warrior
 13400 | D:13     | Noticed a tengu warrior
 13459 | D:13     | Killed a tengu warrior
 13709 | D:13     | Killed a tengu warrior
 13709 | D:13     | Reached skill level 11 in Summonings
 13709 | D:13     | Reached skill level 5 in Translocations
 13796 | D:13     | Noticed an enchanted long sword
 13816 | D:13     | Learned a level 1 spell: Apportation
 13840 | D:13     | Noticed a hill giant
 14075 | D:13     | Noticed a four-headed hydra
 14272 | D:12     | Noticed a red ugly thing
 14272 | D:12     | Noticed a red ugly thing
 14291 | D:12     | Killed a red ugly thing
 14291 | D:12     | Reached skill level 5 in Polearms
 14294 | D:12     | Killed a green ugly thing
 14439 | Lair:1   | Entered Level 1 of the Lair of Beasts
 15635 | Lair:2   | Reached XP level 12. HP: 49/103 MP: 23/23
 15996 | Lair:2   | Reached skill level 1 in Evocations
 16587 | Lair:2   | Learned a level 6 spell: Shadow Creatures
 17336 | Lair:3   | Reached **** piety under Ashenzari
 17405 | Lair:3   | Learned a level 2 spell: Repel Missiles
 17598 | Lair:3   | Found a staircase to the Swamp.
 18075 | Lair:3   | Reached skill level 1 in Charms
 18232 | Lair:4   | Noticed Nergalle
 18239 | Lair:4   | Killed Nergalle
 18615 | Lair:4   | Noticed a seven-headed hydra
 18625 | Lair:4   | Killed a seven-headed hydra
 18625 | Lair:4   | Reached skill level 12 in Summonings
 18627 | Lair:4   | oplop: ща буду плакать
 18640 | Lair:4   | oplop: the ring of Waysmop {-Tele rF+++ rC+ Dex+4}
 18655 | Lair:4   | Found a hole to the Spider Nest.
 18666 | Lair:4   | namelastname112: лол блять
 18666 | Lair:4   | namelastname112: ну ниче
 18666 | Lair:4   | namelastname112: голубрию выучишь
 18853 | Lair:4   | Noticed a death yak
 18855 | Lair:4   | Noticed a death yak
 18862 | Lair:4   | Killed a death yak
 18868 | Lair:4   | Killed a death yak
 19208 | Lair:4   | Noticed a catoblepas
 19219 | Lair:4   | Killed a catoblepas
 19869 | Lair:5   | oplop: предлагаешь носить?
 19897 | Lair:5   | oplop: я ж с аше, мне проклясть надо...
 19921 | Lair:5   | namelastname112: ну
 19921 | Lair:5   | namelastname112: не сейчас
 19921 | Lair:5   | namelastname112: зачем оно тебе сейчас
 20150 | Lair:5   | Noticed a four-headed hydra
 20158 | Lair:5   | Noticed a four-headed hydra
 20912 | Lair:5   | Killed a four-headed hydra
 20912 | Lair:5   | Reached XP level 13. HP: 44/111 MP: 4/25
 22449 | Lair:6   | Noticed Josephine
 22465 | Lair:6   | Found a viscous altar of Jiyva.
 22478 | Lair:6   | Killed Josephine
 22493 | Lair:6   | Found a staircase to the Slime Pits.
 22540 | Lair:6   | Slain by a death yak

Skill      XL: |  1  2  3  4  5  6  7  8  9 10 11 12 13 |
---------------+----------------------------------------+-----
Fighting       | 1 2 3 4 5 6 7 8 9 |  9.6
Dodging        | 2 3 4 5 6 8 |  8.2
Summonings     | 5 6 8 10 11 12 | 12.5
Spellcasting   | 3 4 5 6 7 8 |  8.7
Air Magic      | 2 3 |  3.6
Shields        | 2 4 |  4.1
Ice Magic      | 1 2 |  2.2
Translocations | 2 3 5 |  5.0
Polearms       | 3 5 6 |  6.9
Evocations     | 4 |  4.6
Charms         | 2 3 |  3.1
Stealth        | |  1.7

Action                   |  1- 3 |  4- 6 |  7- 9 | 10-12 | 13-15 || total
-------------------------+-------+-------+-------+-------+-------++-------
Melee: Whip              |    41 |       |       |       |       ||    41
       Unarmed           |     2 |       |       |       |       ||     2
       Dagger            |    92 |    38 |       |       |       ||   130
       Tailslap          |     7 |     8 |    25 |    91 |     8 ||   139
       Trident           |       |   133 |   403 |   988 |    95 ||  1619
       Staff             |       |       |       |    12 |     4 ||    16
 Cast: Summon Small Mamm |     5 |       |       |       |       ||     5
       Call Imp          |     2 |    14 |    27 |     3 |       ||    46
       Call Canine Famil |       |     1 |    18 |     3 |       ||    22
       Summon Lightning  |       |       |    13 |   110 |    10 ||   133
       Summon Ice Beast  |       |       |     3 |    23 |       ||    26
       Blink             |       |       |     1 |    12 |     1 ||    14
       Apportation       |       |       |       |     1 |       ||     1
       Shadow Creatures  |       |       |       |    61 |    25 ||    86
       Repel Missiles    |       |       |       |     1 |       ||     1
Invok: Curse Item        |       |       |     1 |     1 |       ||     2
 Abil: Breathe Frost     |       |       |     6 |     6 |       ||    12
Evoke: Wand              |       |       |     1 |       |       ||     1
       Staff of energy   |       |       |       |       |     1 ||     1
  Use: Scroll            |       |     5 |       |    19 |     2 ||    26
       Potion            |       |     2 |       |       |     1 ||     3
 Stab: Sleeping          |     2 |     3 |     6 |     7 |       ||    18
       Distracted        |       |     1 |     5 |    19 |       ||    25
  Eat: Chunk             |     4 |     6 |    14 |    49 |     6 ||    79
       Beef jerky        |       |     1 |       |     1 |       ||     2
       Pizza             |       |     1 |       |     2 |       ||     3
       Meat ration       |       |       |     1 |     2 |       ||     3
       Royal jelly       |       |       |       |     3 |       ||     3
Armor: Skin              |    36 |    56 |   170 |   310 |    26 ||   598
Dodge: Dodged            |    79 |   131 |   260 |   670 |    59 ||  1199
Block: Buckler           |       |       |       |   288 |    29 ||   317
